 Dungeon Crawl Stone Soup version 0.31.0-12-g77e489cdc1 (webtiles) character file.

Game seed: 4153435329353525324

82 Gadfly the Sneak (level 4, -2/22 HPs)
             Began as a Spriggan Enchanter on Feb 22, 2024.
             Killed by nerve-wracking pain
             ... invoked by Grinder
              (13 damage)
             ... on level 3 of the Dungeon.
             The game lasted 00:03:50 (2050 turns).

Gadfly the Sneak (Spriggan Enchanter)               Turns: 2050, Time: 00:03:51

Health: -2/22      AC:  3    Str:  4    XL:     4   Next: 21%
Magic:  9/9        EV: 18    Int: 16    God:
Gold:   112        SH:  0    Dex: 17    Spells: 4/9 levels left

rFire   . . .        b - +2 short sword (speed)
rCold   . . .        (no shield)
rNeg    . . .        n - +1 robe
rPois   .            (helmet restricted)
rElec   .            (no cloak)
rCorr   +            (gloves unavailable)
SInv    +            (boots unavailable)
Will    .....        f - amulet of magic regeneration
Stlth   +++          m - ring of resist corrosion
HPRegen 0.23/turn    (no ring)
MPRegen 0.51/turn

%: no passive effects
@: very quick
A: very small, no large weapons, unfitting armour, see invisible, speed 3
a: no special abilities


You were on level 3 of the Dungeon.
You visited 1 branch of the dungeon, and saw 3 of its levels.

You collected 112 gold pieces.

Inventory:

Hand Weapons
 a - a +0 dagger of draining
 b - a +2 short sword of speed (weapon)
 o - a +1 dagger
Armour
 n - a +1 robe (worn)
Jewellery
 f - an amulet of magic regeneration (around neck)
 m - a ring of resist corrosion (left hand)
Scrolls
 l - a scroll of teleportation
Potions
 c - 2 potions of invisibility
 d - 3 potions of curing
 e - a potion of heal wounds
 g - 2 potions of brilliance
 h - a potion of haste {unknown}
 i - a potion of cancellation
 j - a potion of might
 k - a potion of resistance {unknown}


   Skills:
 + Level 1.1 Fighting
 + Level 2.0 Short Blades
 + Level 3.2 Dodging
 + Level 5.1 Stealth
 + Level 3.1 Spellcasting
 + Level 4.1 Hexes
 + Level 1.3 Evocations


You had 4 spell levels left.
You knew the following spells:

 Your Spells              Type           Power      Damage    Failure   Level
a - Ensorcelled Hibernat  Hex/Ice        18%        N/A       12%         2
b - Confusing Touch       Hex            15%        N/A       10%         3

Your spell library contained the following spells:

 Spells                   Type           Power      Damage    Failure   Level
 Tukima's Dance           Hex            15%        N/A       10%         3
 Dazzling Flash           Conj/Hex       18%        N/A       24%         3


Dungeon Overview and Level Annotations

Branches:
Dungeon (3/15)

Altars:

Annotations:
D:3 Grinder


Innate Abilities, Weirdness & Mutations

You are very small and have problems with some larger weapons.
You are too small for most types of armour.
You have supernaturally acute eyesight. (SInv)
You cover ground extremely quickly. (Speed+++)


Message History

Grinder is heavily wounded.
Grinder hits you but does no damage.
You hit Grinder but do no damage.
Grinder is heavily wounded.
You hit Grinder but do no damage.
Grinder is heavily wounded.
Grinder hits you.
You writhe in agony.
You are too injured to fight recklessly!
You are too injured to fight recklessly!
You are too injured to fight recklessly!
You are too injured to fight recklessly!
You are too injured to fight recklessly!
You are too injured to fight recklessly!
You are too injured to fight recklessly!
You are too injured to fight recklessly!
You are too injured to fight recklessly!
You are too injured to fight recklessly!
You are too injured to fight recklessly!
You are too injured to fight recklessly!
You are too injured to fight recklessly!
You are too injured to fight recklessly!
You are too injured to fight recklessly!
You are too injured to fight recklessly!
You are too injured to fight recklessly!
You are too injured to fight recklessly!
You are too injured to fight recklessly!
You are too injured to fight recklessly!
You closely miss Grinder.
Grinder is heavily wounded.
You hit Grinder but do no damage.
Grinder is heavily wounded.
Grinder blinks!
Found a rapier.
Grinder blinks!
Your hands stop glowing.
There is a stone staircase leading up here.
Grinder gestures at you. Pain shoots through your body!
Ouch! That really hurt!
You die...
Grinder says, "Hey, I wasn't done torturing you yet!"

############
#..........#
.......#.#.###
# .......:....
#...###....#.##
...........@.)#
....>.#....##.#
..... ##.#.# #
#..) #ยง#5# #..
....# ## .....#
##....# ##.#.#


You could see Grinder.

Vanquished Creatures
  Jessica (D:2)
  5 endoplasms
  A giant cockroach (D:1)
  7 goblins (D:1)
  3 hobgoblins
  4 jackals
  5 quokkas (D:1)
  3 ball pythons
  2 bats (D:2)
  5 frilled lizards
  11 kobolds
  6 rats
53 creatures vanquished.

Notes
Turn   | Place    | Note
-------+----------+-------------------------------------------
     0 | D:1      | Gadfly the Spriggan Enchanter began the quest for the Orb.
     0 | D:1      | Reached XP level 1. HP: 9/9 MP: 5/5
   292 | D:1      | Reached XP level 2. HP: 13/13 MP: 6/6
   383 | D:1      | Learned a level 2 spell: Ensorcelled Hibernation
   804 | D:1      | Reached XP level 3. HP: 13/17 MP: 2/8
  1349 | D:1      | Learned a level 3 spell: Confusing Touch
  1583 | D:2      | Reached skill level 1 in Evocations
  1585 | D:2      | Reached skill level 1 in Fighting
  1795 | D:2      | Noticed Jessica
  1805 | D:2      | Killed Jessica
  1806 | D:2      | Reached skill level 5 in Stealth
  1806 | D:2      | Reached XP level 4. HP: 9/22 MP: 0/9
  2003 | D:3      | Noticed Grinder
  2050 | D:3      | Killed from afar by Grinder

Illustrated notes

Levels and vault maps discovered:
D:1:      dpeg_arrival_triangle_fractal, layout_basic, minmay_small_reverse_x
D:2:      layout_basic, uniq_jessica
D:3:      layout_loops_ring, pf_just_have_faith,
          hellmonk_ecumenical_altar_watching_god, uniq_crazy_yiuf_cottage,
          uniq_grinder, uniq_natasha

Skill      XL: |  1  2  3 |
---------------+----------+-----
Spellcasting   | 3 |  3.1
Dodging        | 3 |  3.2
Evocations     | 1 |  1.3
Fighting       | 1 |  1.1
Hexes          | 4 |  4.1
Short Blades   | 2 |  2.0
Stealth        | 5 |  5.1

Action                     |  1- 3 |  4- 6 || total
---------------------------+-------+-------++-------
  Melee: Dagger            |   120 |     3 ||   123
         Punch             |     2 |       ||     2
         Short sword       |       |    10 ||    10
   Cast: Ensorcelled Hiber |    23 |     2 ||    25
         Confusing Touch   |       |     1 ||     1
    Use: Scroll            |     5 |     2 ||     7
         Potion            |       |     1 ||     1
   Stab: Sleeping          |    28 |     3 ||    31
         Distracted        |     1 |       ||     1
 Armour: Robe              |    37 |     4 ||    41
  Dodge: Dodged            |    83 |    10 ||    93
